 Dungeon Crawl Stone Soup version 0.30.0-20-g3615ddf2f0 (webtiles) character file.

Game seed: 8851192150572280244

166 qw the Chopper (level 5, 0/32 HPs)
             Began as a Gargoyle Fighter on June 1, 2023.
             Slain by Pikel
             ... wielding a +0 whip of flaming
              (1 damage)
             ... on level 4 of the Dungeon.
             The game lasted 00:01:31 (3299 turns).

qw the Chopper (Gargoyle Fighter)                   Turns: 3299, Time: 00:01:32

Health: 0/32       AC: 19    Str: 22    XL:     5   Next: 47%
Magic:  5/5        EV:  6    Int:  8    God:
Gold:   76         SH:  4    Dex:  9    Spells: 4/4 levels left

rFire   . . .        Y - +0 war axe (heavy)
rCold   . . .        c - +0 buckler
rNeg    + . .        n - +1 plate armour
rPois   inf          (no helmet)
rElec   +            (no cloak)
rCorr   .            a - +2 pair of gloves
SInv    .            (no boots)
Will    .....        (no amulet) Stlth
                     (no ring)
HPRegen 0.25/turn    (no ring)
MPRegen 0.09/turn

%: no passive effects
@: no status effects
A: sickness immunity, AC +4, negative energy resistance 1, electricity
resistance, torment resistance 1, petrification resistance
a: no special abilities


You were on level 4 of the Dungeon.
You visited 1 branch of the dungeon, and saw 4 of its levels.

You collected 76 gold pieces.


Innate Abilities, Weirdness & Mutations

You are immune to sickness and miasma.
Your stone body is resilient. (AC +4)
You are immune to poison.
You resist negative energy. (rN+)
You are resistant to electric shocks. (rElec)
You are resistant to unholy torment.
You are immune to petrification.


   Skills:
 + Level 3.3 Fighting
 - Level 5.0 Axes
 - Level 3.2 Armour
 - Level 3.2 Shields


You had 4 spell levels left.
You didn't know any spells.
Your spell library was empty.

Inventory:

Hand Weapons
 k - a +0 flail
 Y - a +0 heavy war axe (weapon)
Armour
 a - a +2 pair of gloves (worn)
 c - a +0 buckler (worn)
 n - a +1 plate armour (worn)
Scrolls
 b - a scroll of enchant weapon {unknown}
 e - a scroll of identify
Potions
 d - 4 potions of might
 g - 2 potions of curing
 h - a potion of attraction
 j - a potion of heal wounds {unknown}
 l - a potion of cancellation {unknown}
 m - a potion of berserk rage {unknown}
 o - a potion of resistance {unknown}

Dungeon Overview and Level Annotations

Branches:
Dungeon (4/15)
 Temple: D:4-7

Altars:
Dithmenos
Hepliaklqana
Sif Muna

Annotations:
D:4 Pikel


Message History

Pikel, Merchant of Souls comes into view.
He is wielding a +0 whip of flaming.
Enter note:
Enter note:
Enter note:
Enter note:
Enter note:
Enter note:
Enter note:
Enter note:
Enter note: The lemure shouts!
A lemure comes into view.
Pikel says, "Hell isn't that bad."
You slash the lemure!
The lemure is moderately wounded.
The lemure hits you but does no damage. The lemure barely misses you.
You slash the lemure!
The lemure is severely wounded.
You closely miss the lemure. The lemure hits you but does no damage.
You slash the lemure!
You kill the lemure!
That felt strangely unrewarding.
You hit Pikel but do no damage. You slash the lemure!
A hobgoblin comes into view.
The lemure hits you. Pikel closely misses you.
The lemure hits you but does no damage.
You closely miss the lemure.
The lemure is moderately wounded.
The hobgoblin shouts!
You slash the lemure! You closely miss Pikel. You closely miss the lemure.
Pikel hits you with a +0 whip of flaming.
Pikel burns you. The lemure hits you. The lemure barely misses you.
The lemure hits you.
Pikel hits you with a +0 whip of flaming.
Pikel burns you. The lemure hits you! The lemure barely misses you.
The lemure hits you but does no damage.
Pikel hits you with a +0 whip of flaming.
Pikel burns you.
You die...

#........# # #.......##
####....### .###....#
.#.....## ###### .#....##
##....## #.....###
......#.. ........#
##.K...... ........####
#.@5......
........##.####.55....##..
.....#......#.............
#..................#......
##........................
.#........................
...........#...........#...
..##.......................
.###..........%<%#...#...#


You could see Pikel and 3 lemures.

Vanquished Creatures
  A lemure (D:4)
  A sleepcap (D:3)
  An orc wizard (D:3)
  2 adders
  A worm (D:2)
  5 orcs (D:3)
  6 ball pythons
  7 endoplasms
  5 giant cockroaches
  5 goblins
  9 hobgoblins
  12 jackals
  4 quokkas
  7 bats
  4 frilled lizards
  4 kobolds
  5 rats
79 creatures vanquished.

Notes
Turn   | Place    | Note
-------+----------+-------------------------------------------
     0 | D:1      | qw the Gargoyle Fighter began the quest for the Orb.
     0 | D:1      | Reached XP level 1. HP: 14/14 MP: 1/1
     0 | D:1      | 0 ||| qw: Version: 0.2-a-102-gdf20003
     0 | D:1      | 0 ||| qw: Game counter: 752
     0 | D:1      | 0 ||| qw: Always use a shield: true
     0 | D:1      | 0 ||| qw: God list: Okawaru
     0 | D:1      | 0 ||| qw: Allow faded altars: false
     0 | D:1      | 0 ||| qw: Do Orc after D:15 true
     0 | D:1      | 0 ||| qw: Do second Lair branch before Depths: true
     0 | D:1      | 0 ||| qw: Lair rune preference: random
     0 | D:1      | 0 ||| qw: Plans: Normal, Zot:1-4, Slime:5, God:TSO, Crypt,
                  | Tomb, Pan, Hells, Abyss, Win
     0 | D:1      | 0 ||| PLANNING D:1-11
    29 | D:1      | Reached skill level 2 in Axes
   106 | D:1      | 106 ||| Stepping ~*~*~tactically~*~*~ (hiding).
   108 | D:1      | 108 ||| Stepping ~*~*~tactically~*~*~ (hiding).
   110 | D:1      | 110 ||| Stepping ~*~*~tactically~*~*~ (hiding).
   115 | D:1      | Reached XP level 2. HP: 19/19 MP: 2/2
   359 | D:1      | 359 ||| Stepping ~*~*~tactically~*~*~ (stealth).
   360 | D:1      | 360 ||| Stepping ~*~*~tactically~*~*~ (stealth).
   525 | D:1      | Reached skill level 3 in Axes
   600 | D:1      | Reached XP level 3. HP: 23/23 MP: 3/3
  1029 | D:1      | 1029 ||| READING scroll labelled FILUTR MUAQUB.
  1030 | D:1      | 1030 ||| READING 3 scrolls labelled CICLIEPPOA.
  1031 | D:1      | 1031 ||| READING scroll labelled ZYELAKL WORA.
  1032 | D:1      | 1032 ||| READING scroll labelled MIDUIZX RUXKUY.
  1033 | D:1      | 1033 ||| READING scroll labelled TYNNOU JEDOC.
  1034 | D:1      | 1034 ||| READING scroll labelled PUOLEACKUO.
  1129 | D:2      | 1129 ||| Stepping ~*~*~tactically~*~*~ (stealth).
  1164 | D:2      | 1164 ||| Stepping ~*~*~tactically~*~*~ (stealth).
  1262 | D:2      | 1262 ||| Stepping ~*~*~tactically~*~*~ (stealth).
  1330 | D:2      | Found a faded altar of an unknown god.
  1440 | D:2      | Identified the +3 leather armour "Hienk" {rElec Str+3}
  1627 | D:2      | Reached XP level 4. HP: 28/28 MP: 4/4
  1972 | D:2      | 1972 ||| UPGRADING to +0 pair of gloves.
  1977 | D:2      | 1977 ||| DROPPING +3 leather armour "Hienk" {rElec Str+3}.
  1978 | D:2      | 1978 ||| READING 3 scrolls of enchant armour.
  1978 | D:2      | 1978 ||| ENCHANTING +0 pair of gloves.
  1979 | D:2      | 1979 ||| READING 2 scrolls of enchant armour.
  1979 | D:2      | 1979 ||| ENCHANTING +1 pair of gloves.
  1980 | D:2      | 1980 ||| READING 3 scrolls of identify.
  1980 | D:2      | 1980 ||| IDENTIFYING metallic green potion
  1981 | D:2      | 1981 ||| READING 2 scrolls of identify.
  1981 | D:2      | 1981 ||| IDENTIFYING lumpy inky potion
  1982 | D:2      | 1982 ||| DROPPING potion of magic.
  2049 | D:3      | 2049 ||| STAIRDANCE
  2099 | D:3      | Reached skill level 4 in Axes
  2109 | D:3      | Found a shimmering blue altar of Sif Muna.
  2153 | D:3      | Found a hazy altar of Hepliaklqana.
  2246 | D:3      | Found a shadowy altar of Dithmenos.
  2261 | D:3      | 2261 ||| Stepping ~*~*~tactically~*~*~ (stealth).
  2264 | D:3      | 2264 ||| Stepping ~*~*~tactically~*~*~ (stealth).
  2266 | D:3      | 2266 ||| Stepping ~*~*~tactically~*~*~ (stealth).
  2278 | D:3      | 2278 ||| DROPPING +0 whip.
  2311 | D:3      | 2311 ||| Stepping ~*~*~tactically~*~*~ (hiding).
  2317 | D:3      | 2317 ||| DROPPING ring of magical power.
  2412 | D:3      | Reached XP level 5. HP: 29/32 MP: 5/5
  2451 | D:3      | 2451 ||| Stepping ~*~*~tactically~*~*~ (stealth).
  2508 | D:3      | 2508 ||| Stepping ~*~*~tactically~*~*~ (stealth).
  3066 | D:3      | 3066 ||| UPGRADING to +0 plate armour.
  3076 | D:3      | 3076 ||| DROPPING +0 scale mail.
  3077 | D:3      | 3077 ||| READING scroll of enchant armour.
  3077 | D:3      | 3077 ||| ENCHANTING +0 plate armour.
  3078 | D:3      | 3078 ||| READING scroll labelled YNLORU OTAIN.
  3079 | D:3      | 3079 ||| DRINKING 2 smoky dark potions.
  3099 | D:4      | Reached skill level 5 in Axes
  3103 | D:4      | 3103 ||| STAIRDANCE
  3166 | D:4      | 3166 ||| READING scroll of brand weapon.
  3166 | D:4      | 3166 ||| BRANDING +0 war axe of freezing.
  3290 | D:4      | Noticed a lemure
  3290 | D:4      | Noticed a lemure
  3290 | D:4      | Noticed a lemure
  3291 | D:4      | Noticed Pikel
  3292 | D:4      | Noticed a lemure
  3298 | D:4      | Killed a lemure
  3299 | D:4      | HP: 5/32 [lemure[Pikel] (7)]
  3299 | D:4      | HP: 1/32 [Pikel/+0 whip of flaming (4)]
  3299 | D:4      | Slain by Pikel

Levels and vault maps discovered:
D:1:      dpeg_arrival_pits, layout_loops_ring
D:2:      layout_loops_ring, shapermc_ecumenical_altar_flowoftime
D:3:      layout_loops_corners, mainiacjoe_overflow_brackets,
          nicolae_dithmenos_through_a_glass_darkly,
          nicolae_sif_muna_condensation
D:4:      layout_cave_pools, lemuel_round_altar, uniq_edmund,
          uniq_blork_the_orc, uniq_pikel

Skill      XL: |  1  2  3  4  5 |
---------------+----------------+-----
Axes           | 2 3 4 5 |  5.0
Fighting       | |  3.3
Armour         | |  3.2
Shields        | |  3.2

Action                     |  1- 3 |  4- 6 || total
---------------------------+-------+-------++-------
  Melee: War axe           |   159 |    77 ||   236
    Use: Scroll            |     6 |     7 ||    13
         Potion            |       |     1 ||     1
 Armour: Scale mail        |    94 |    29 ||   123
         Plate armour      |       |    12 ||    12
  Dodge: Dodged            |    72 |    33 ||   105
  Block: Buckler           |    45 |    13 ||    58

Table legend:
 A = Non-vault XP
 B = Vault XP
 C = Vault XP percentage of total XP
 D = Non-vault monster count
 E = Vault monster count
 F = Vault count percentage of total count
                 A         B        C        D         E       F
            +---------+---------+-------+---------+---------+-------
      Total |     238 |       0 |   0.0 |      78 |       0 |   0.0
            +---------+---------+-------+---------+---------+-------
        D:1 |      42 |       0 |   0.0 |      26 |       0 |   0.0
        D:2 |      54 |       0 |   0.0 |      23 |       0 |   0.0
        D:3 |     123 |       0 |   0.0 |      19 |       0 |   0.0
        D:4 |      19 |       0 |   0.0 |      10 |       0 |   0.0
            +---------+---------+-------+---------+---------+-------
